 Dungeon Crawl Stone Soup version 0.26-a0-542-gbaa144ba5c (webtiles) character file.

Game seed: 15326406876387208989

882 beholder the Chiller (level 8, -1/68 HPs)
             Began as a Ghoul Ice Elementalist on Aug 17, 2020.
             Slain by Menkaure (18 damage)
             ... on level 5 of the Dungeon.
             The game lasted 00:20:56 (4695 turns).

beholder the Chiller (Ghoul Ice Elementalist)       Turns: 4695, Time: 00:20:57

Health: -1/68      AC:  7    Str: 12    XL:     8   Next: 5%
Magic:  10/10      EV: 12    Int: 12    God:
Gold:   280        SH:  0    Dex:  9    Spells: 4/11 levels left

rFire    . . .     SeeInvis .   o - +2 whip (flame)
rCold    + . .     Faith    .   (no shield)
rNeg     + + +     Spirit   .   i - +0 acid dragon scales
rPois    ∞         Reflect  .   (no helmet)
rElec    .         Harm     .   e - +0 cloak
rCorr    +                      (no gloves)
MR       .....                  (no boots)
Stlth    +.........             (no amulet)
HPRegen  0.00/turn              (no ring)
MPRegen  0.12/turn              (no ring)

@: confused
A: rotting body, claws 1, cold resistance 1, negative energy resistance 3,
inhibited regeneration, torment resistance, unbreathing
a: no special abilities


You were on level 5 of the Dungeon.
You visited 1 branch of the dungeon, and saw 5 of its levels.

You collected 280 gold pieces.

Inventory:

Hand Weapons
 o - a +2 whip of flaming (weapon)
Armour
 e - a +0 cloak (worn)
 i - +0 acid dragon scales (worn)
Jewellery
 f - an uncursed ring of fire
Scrolls
 a - 3 scrolls of immolation {unknown}
 g - 2 scrolls of remove curse
 k - a scroll of enchant armour
 l - 4 scrolls of identify {unknown}
 n - a scroll of magic mapping
Potions
 b - 3 potions of curing
 c - a potion of ambrosia
 d - a potion of might {unknown}
 h - 2 potions of stabbing {unknown}
 j - a potion of heal wounds {unknown}
 m - 2 potions of brilliance {unknown}


   Skills:
 - Level 5.0 Fighting
 + Level 2.3 Armour
 + Level 3.1 Dodging
 - Level 2.1 Stealth
 - Level 5.0 Unarmed Combat
 - Level 2.0 Spellcasting
 - Level 6.0 Ice Magic


You had 4 spell levels left.
You knew the following spells:

 Your Spells              Type           Power        Failure   Level
a - Freeze                Ice            ###.         3%          1
f - Frozen Ramparts       Ice            ###...       10%         3
o - Ozocubu's Armour      Ice            ###.....     10%         3

Your spell library contained the following spells:

 Spells                   Type           Power        Failure   Level
 Hailstorm                Conj/Ice       #.......     75%         4
 Summon Ice Beast         Ice/Summ       #.......     75%         4


Dungeon Overview and Level Annotations

Branches:
Dungeon (5/15)
 Temple: D:4-7

Altars:
Uskayaw

Annotations:
D:5 Menkaure


Innate Abilities, Weirdness & Mutations

Your body is rotting away.
You thrive by killing the living.
You are immune to poison.
You have sharp fingernails.
Your flesh is cold resistant. (rC+)
You are immune to negative energy. (rN+++)
You do not regenerate when monsters are visible.
You are immune to unholy pain and torment.
You can survive without breathing.


Message History

Menkaure is severely damaged.
Menkaure misses you. The quokka skeleton closely misses you.
You hit Menkaure but do no damage.
Menkaure is severely damaged.
Menkaure misses you.
The quokka skeleton bites you but does no damage.
Menkaure barely misses you.
You barely miss Menkaure.
Menkaure is severely damaged.
Menkaure hits you!
* * * LOW HITPOINT WARNING * * *
The quokka skeleton barely misses you.
Okay, then.
It was a potion of curing.
You feel better. Menkaure barely misses you. The quokka skeleton bites you.
* * * LOW HITPOINT WARNING * * *
It was a potion of ambrosia.
You are confused.
You feel invigorated. Menkaure hits you!!
You die...

..$..###### ...
.......... ....
..........
...######.........
#......#......... ..
#......#......... #.#
#...[..#..M?.....
#..###........@Z....#
#..................+
#.......(..........#
#..........###.##...
#..............# #.
##.....#.########
#..._....#
#........##
.....#####)..# #..


You could see Menkaure (fast) and a quokka skeleton.

Vanquished Creatures
  Eustachio (D:4)
  An ogre (D:4)
  A scorpion (D:4)
  2 hounds
  3 orc priests
  4 orc wizards
  2 worker ants (D:4)
  11 gnolls (D:2)
  9 adders
  An ufetubus (D:5)
  2 oozes
  A dart slug (D:2)
  A leopard gecko (D:1)
  14 orcs
  3 bats
  3 giant cockroaches
  7 goblins
  8 hobgoblins
  6 jackals
  11 kobolds
  2 quokkas
  A ball python (D:3)
  3 frilled lizards
  2 jackal skeletons (D:4)
  5 rats
104 creatures vanquished.

Notes
Turn   | Place    | Note
-------+----------+-------------------------------------------
     0 | D:1      | beholder the Ghoul Ice Elementalist began the quest for the
                  | Orb.
     0 | D:1      | Reached XP level 1. HP: 14/14 MP: 2/2
   450 | D:1      | Reached XP level 2. HP: 20/20 MP: 2/4
   868 | D:1      | Reached skill level 1 in Unarmed Combat
  1120 | D:1      | Reached XP level 3. HP: 27/27 MP: 5/5
  1245 | D:2      | Reached skill level 1 in Fighting
  1256 | D:1      | Learned a level 3 spell: Frozen Ramparts
  1471 | D:2      | Reached skill level 5 in Ice Magic
  1506 | D:2      | Reached XP level 4. HP: 36/36 MP: 4/6
  1516 | D:2      | Learned a level 3 spell: Ozocubu's Armour
  1876 | D:2      | Reached XP level 5. HP: 41/41 MP: 3/7
  2821 | D:3      | Reached XP level 6. HP: 51/51 MP: 4/8
  3364 | D:4      | Reached skill level 6 in Ice Magic
  3445 | D:4      | Reached XP level 7. HP: 55/59 MP: 3/9
  4082 | D:4      | Noticed Eustachio
  4096 | D:4      | Killed Eustachio
  4096 | D:4      | Reached skill level 1 in Armour
  4096 | D:4      | Reached skill level 5 in Unarmed Combat
  4219 | D:4      | Reached skill level 5 in Fighting
  4505 | D:5      | Entered Level 5 of the Dungeon
  4621 | D:5      | Noticed a +0 hand axe
  4624 | D:5      | Noticed a +0 dagger
  4626 | D:5      | Found a hide-covered altar of Uskayaw.
  4661 | D:5      | Reached XP level 8. HP: 68/68 MP: 10/10
  4675 | D:5      | Noticed Menkaure
  4695 | D:5      | Slain by Menkaure

Illustrated notes

Levels and vault maps discovered:
D:1:      saegor_arrival_under_anarchy, layout_basic, minmay_tripent
D:2:      layout_basic, lemuel_another_geyser
D:3:      minmay_wonky_spiral, layout_loops_cross
D:4:      layout_gridville, uniq_eustachio
D:5:      layout_basic, dancing_weapons_uskayaw, uniq_menkaure, uniq_ijyb

Skill      XL: |  1  2  3  4  5  6  7 |
---------------+----------------------+-----
Dodging        | 2 3 |  3.1
Spellcasting   | 2 |  2.0
Unarmed Combat | 1 2 3 4 5 |  5.0
Fighting       | 1 2 3 4 5 |  5.0
Ice Magic      | 5 6 |  6.0
Armour         | 2 |  2.3
Stealth        | |  2.1

Action                   |  1- 3 |  4- 6 |  7- 9 || total
-------------------------+-------+-------+-------++-------
Melee: Unarmed           |    41 |   117 |    74 ||   232
       Punch             |       |     2 |     1 ||     3
       Whip              |       |       |    11 ||    11
 Cast: Freeze            |    22 |    28 |    22 ||    72
       Frozen Ramparts   |     1 |     7 |     2 ||    10
       Ozocubu's Armour  |       |     1 |       ||     1
  Use: Scroll            |       |     5 |       ||     5
       Potion            |       |       |     2 ||     2
 Stab: Sleeping          |     5 |       |     1 ||     6
Armor: Robe              |     5 |    11 |       ||    16
       Acid dragon scale |       |    28 |    35 ||    63
Dodge: Dodged            |    34 |    67 |    58 ||   159

Table legend: (Time is in decaauts)
 A = Elapsed time spent in this place.
 B = Non-inter-level travel time spent in this place.
 C = Inter-level travel time spent in this place.
 D = Time resting spent in this place.
 E = Time spent auto-exploring this place.
 F = Levels seen in this place.
 G = Mean time per level.
                   A        B        C        D        E       F      G
               +--------+--------+--------+--------+--------+-----+--------+
         Total |   4680 |   4533 |    147 |    654 |   3145 |   5 |  936.0 |
       Dungeon |   4680 |   4533 |    147 |    654 |   3145 |   5 |  936.0 |
               +--------+--------+--------+--------+--------+-----+--------+

Top non-repeatable levels by time:
     D:1: 1338 daAuts
     D:2: 1308 daAuts
     D:4: 1147 daAuts
     D:3: 700 daAuts
     D:5: 186 daAuts
